 Dungeon Crawl Stone Soup version 0.31-a0-121-g1e386dd289 (webtiles) character file.

Game seed: 2534929606732557181

1743567 NoAnimeNoLife the Intangible (level 26, 200/200 HPs)
             Began as a Vampire Delver on May 31, 2023.
             Was a Priest of Kikubaaqudgha.
             Escaped with the Orb
             ... and 3 runes on June 1, 2023!
             The game lasted 04:23:02 (63906 turns).

NoAnimeNoLife the Intangible (Vampire Delver)      Turns: 63906, Time: 04:23:03

Health: 200/200    AC: 29    Str: 15    XL:     26   Next: 55%
Magic:  21/38      EV: 50    Int: 28    God:    Kikubaaqudgha [***...]
Gold:   4418       SH: 13    Dex: 36    Spells: 5/47 levels left

rFire   + + .        E - +9 demon blade (flame)
rCold   . . .        J - +3 buckler {AC+3}
rNeg    . . .        y - +5 steam dragon scales
rPois   +            m - +3 crown of Dyrovepreva {rElec Int+2 SInv}
rElec   +            C - scarf {rC+ rF+}
rCorr   .            I - +2 pair of gloves {Dex+3}
SInv    +            f - +2 pair of boots {Fly}
Will    ++...        e - amulet of magic regeneration
Stlth   +++          n - +6 ring of dexterity
HPRegen 0.73/turn    w - ring "Gahiusk" {+Blink rC- Int+9 Dex+6 SInv}
MPRegen 0.66/turn

%: no passive effects
@: death channelling, flying, healing quickly, studying 2 skills
A: alive, fangs 3, see invisible, vampiric 2, iridescent scales 2, fire
resistance 1, poison resistance, robust 1, screaming 1, strong 1
0: Orb of Zot
}: 3/15 runes: barnacled, silver, gossamer
a: Exsanguinate, Renounce Religion, Evoke Blink, Unearth Wretches


You escaped.
You worshipped Kikubaaqudgha.
Kikubaaqudgha was most pleased with you.
You visited 9 branches of the dungeon, and saw 45 of its levels.
You also visited: Trove, Bailey and Wizlab.

You collected 8591 gold pieces.
You spent 4173 gold pieces at shops.

Inventory:

Hand Weapons
 E - a +9 demon blade of flaming (weapon)
Missiles
 q - 9 curare-tipped darts
 A - 6 throwing nets (quivered)
Armour
 f - a +2 pair of boots of flying (worn)
 m - the +3 crown of Dyrovepreva (worn) {rElec Int+2 SInv}
   (You bought it in a shop on level 2 of the Depths)

   Int:       It affects your intelligence (+2).
   rElec:     It insulates you from electricity.
   SInv:      It lets you see invisible.
 y - +5 steam dragon scales (worn)
 C - a scarf of resistance (worn)
 I - a +2 pair of gloves of dexterity (worn)
 J - a +3 buckler of protection (worn)
Jewellery
 e - an amulet of magic regeneration (around neck)
 n - a +6 ring of dexterity (left hand)
 u - a +6 ring of intelligence
 v - the ring "Bahica" {Ice rElec rCorr Int+3}
   (You took it off Josephina on level 3 of the Depths)

   [ring of ice]

   It enhances your ice magic.
   Int:       It affects your intelligence (+3).
   rF:        It makes you vulnerable to fire.
   rC:        It protects you from cold.
   rElec:     It insulates you from electricity.
   rCorr:     It protects you from acid and corrosion.
 w - the ring "Gahiusk" (right hand) {+Blink rC- Int+9 Dex+6 SInv}
   (You bought it in a shop on level 2 of the Vaults)

   [ring of dexterity]

   Int:       It affects your intelligence (+9).
   Dex:       It affects your dexterity (+6).
   rC:        It makes you vulnerable to cold.
   SInv:      It lets you see invisible.
   +Blink:    It lets you blink.
 B - a ring of wizardry
 R - a ring of willpower
 U - a ring of protection from fire
 X - the amulet "Copsunid" {Harm Regen+ Stlth+}
   (You took it off a deep elf pyromancer on level 12 of the Dungeon)

   [amulet of regeneration]

   Regen:     It increases your rate of health regeneration.
   Harm:      It increases damage dealt and taken.
   Stlth:     It makes you more stealthy.
 Y - a ring of protection from fire
Wands
 b - a wand of mindburst (57)
 g - a wand of digging (10)
 k - a wand of roots (24)
 t - a wand of flame (88)
 T - a wand of charming (52)
Scrolls
 c - 6 scrolls of fog
 h - 12 scrolls of teleportation
 j - 3 scrolls of magic mapping
 p - 7 scrolls of immolation
 r - a scroll of silence
 G - 11 scrolls of amnesia
 P - 3 scrolls of poison
 W - 2 scrolls of enchant armour
Potions
 a - a potion of enlightenment
 d - 11 potions of lignification
 o - 2 potions of curing
 s - 2 potions of brilliance
 x - 2 potions of cancellation
 z - 2 potions of magic
 D - 6 potions of attraction
 K - 2 potions of invisibility
 L - 6 potions of mutation
 M - 3 potions of might
 V - 3 potions of resistance
 Z - 6 potions of berserk rage
Miscellaneous
 F - a phial of floods
 H - a condenser vane
 Q - a lightning rod (4/4)
 S - a phantom mirror


   Skills:
 - Level 9.4 Fighting
 - Level 14.5 Long Blades
 - Level 10.9 Polearms
 - Level 10.8 Armour
 O Level 27 Dodging
 - Level 14.9 Stealth
 - Level 13.2 Shields
 - Level 11.0 Spellcasting
 - Level 16.8 Hexes
 - Level 11.6 Summonings
 + Level 24.9 Necromancy
 - Level 8.7 Ice Magic
 - Level 7.2 Earth Magic
 - Level 8.2 Evocations


You had 5 spell levels left.
You knew the following spells:

 Your Spells              Type           Power      Damage    Failure   Level
a - Borgnjor's Vile Clut  Necr/Erth      40%        N/A       1%          5
b - Death Channel         Necr           50%        N/A       1%          6
c - Infestation           Necr           50%        N/A       1%          8
d - Haunt                 Necr/Summ      43%        N/A       1%          7
e - Enfeeble              Hex            41%        N/A       3%          7
f - Blink                 Tloc           30%        N/A       6%          2
g - Yara's Violent Unrav  Hex/Tmut       29%        3d12      3%          5
h - Sublimation of Blood  Necr           100%       N/A       0%          2

Your spell library contained the following spells:

 Spells                   Type           Power      Damage    Failure   Level
 Necrotise                Necr           100%       1d9       0%          1
 Tukima's Dance           Hex            83%        N/A       0%          3
 Anguish                  Hex/Necr       46%        N/A       0%          4
 Animate Dead             Necr           100%       N/A       0%          4
 Dispel Undead            Necr           100%       3d31      0%          4
 Agony                    Necr           100%       N/A       0%          5
 Kiss of Death            Conj/Necr      100%       2d13      1%          1
 Sandblast                Erth           100%       2d20      1%          1
 Cigotuvi's Dreadful Rot  Necr/Pois/Air  100%       N/A       1%          2
 Ensorcelled Hibernation  Hex/Ice        100%       N/A       1%          2
 Passwall                 Tmut/Erth      29%        N/A       1%          2
 Call Canine Familiar     Summ           69%        N/A       1%          3
 Dazzling Flash           Conj/Hex       100%       N/A       1%          3
 Frozen Ramparts          Ice            100%       1d16      1%          3
 Hailstorm                Conj/Ice       39%        3d9       1%          3
 Portal Projectile        Hex/Tloc       100%       N/A       1%          3
 Summon Guardian Golem    Hex/Summ       76%        N/A       1%          3
 Animate Armour           Summ/Erth      100%       N/A       1%          4
 Fulminant Prism          Conj/Hex       29%        3d14      1%          4
 Leda's Liquefaction      Hex/Erth       35%        N/A       1%          4
 Summon Ice Beast         Ice/Summ       64%        N/A       1%          4
 Metabolic Englaciation   Hex/Ice        36%        N/A       1%          5
 Stone Arrow              Conj/Erth      70%        3d11      2%          3
 Summon Lightning Spire   Summ/Air       48%        N/A       3%          4
 Silence                  Hex/Air        29%        N/A       3%          5
 Apportation              Tloc           30%        N/A       4%          1
 Beastly Appendage        Tmut           30%        N/A       4%          1
 Magic Dart               Conj           60%        1d6       4%          1
 Shock                    Conj/Air       60%        1d6       4%          1
 Sting                    Tmut/Pois      60%        1d6       4%          1
 Searing Ray              Conj           30%        2d5       6%          2
 Wereblood                Tmut           15%        N/A       6%          2
 Lee's Rapid Deconstruct  Erth           27%        3d14*     6%          5
 Ice Form                 Ice/Tmut       39%        N/A       7%          4
 Ignite Poison            Fire/Tmut/Pois 15%        N/A       12%         3
 Spider Form              Tmut/Pois      15%        N/A       12%         3
 Swiftness                Air            15%        N/A       12%         3
 Vhi's Electric Charge    Tloc/Air       30%        N/A       12%         3
 Freezing Cloud           Conj/Ice/Air   15%        6-21      34%         5
 Airstrike                Air            7%         2d(2-18)  38%         4
 Iskenderun's Mystic Bla  Conj/Tloc      15%        2d5       38%         4
 Manifold Assault         Tloc           15%        N/A       38%         4
 Passage of Golubria      Tloc           15%        N/A       38%         4
 Sticky Flame             Conj/Fire      15%        2d4       38%         4
 Alistair's Intoxication  Tmut/Pois      10%        N/A       75%         5
 Arcjolt                  Conj/Air       7%         1d17      75%         5
 Blade Hands              Tmut           7%         N/A       75%         5
 Irradiate                Conj/Tmut      7%         3d14      75%         5
 Iskenderun's Battlesphe  Conj           15%        2d7       75%         5
 Simulacrum               Ice/Necr       41%        N/A       1%          6
 Summon Hydra             Summ           34%        N/A       28%         7
 Ozocubu's Refrigeration  Ice            29%        4d14      67%         7
 Leda's Unmaking          Conj/Erth      17%        9d4       82%         6
 Statue Form              Tmut/Erth      23%        N/A       82%         6
 Spellforged Servitor     Conj/Summ      24%        N/A       97%         7
 Plasma Beam              Fire/Air       7%         2x1d20    99%         6
 Dragon Form              Tmut           7%         N/A       100%        7
 Orb of Destruction       Conj           7%         9d6       100%        7
 Storm Form               Tmut/Air       7%         N/A       100%        7
 Ignition                 Fire           7%         3d5       100%        8
 Lehudib's Crystal Spear  Conj/Erth      17%        10d5      100%        8
 Chain Lightning          Conj/Air       7%         3d10      100%        9
 Fire Storm               Conj/Fire      7%         8d2       100%        9
 Polar Vortex             Ice            29%        N/A       100%        9
 Shatter                  Erth           27%        3d23*     100%        9


Dungeon Overview and Level Annotations

Branches:
Dungeon (15/15)            Temple (1/1) D:7            Lair (5/5) D:10
 Shoals (4/4) Lair:2       Spider (4/4) Lair:2        Slime (0/5) Lair:5
    Orc (2/2) D:11            Elf (0/3) Orc:2        Vaults (5/5) D:14
  Crypt (0/3) Vaults:3     Depths (4/4) D:15            Zot (5/5) Depths:4
 Bailey (visited)          WizLab (visited)

Altars:
Ashenzari
Cheibriados
Dithmenos
Fedhas
Gozag
Hepliaklqana
Kikubaaqudgha
Makhleb
Nemelex Xobeh
Okawaru
Qazlal
Ru
Sif Muna
Trog
Uskayaw
Vehumet
Wu Jian
Xom
Yredelemnul

Shops:
D:2 =   D:6 :   D:8 =   D:9 [   D:10 (   D:11 (   Orc:2 ([**[   Shoals:3 *
Vaults:2 =   Vaults:4 (   Depths:1 *   Depths:2 [

Portals:
Hell: Depths:1 Depths:2 Depths:3 Depths:4
Abyss: Depths:3
Pandemonium: Depths:2 Depths:3
Ziggurat: Depths:4

Annotations:
D:7 exclusions: Maggie and 1 more exclusion
Shoals:4 exclusion: simulacrum
Zot:5 3 transporters


Innate Abilities, Weirdness & Mutations

Your natural rate of healing is accelerated.
You have razor-sharp teeth.
You have supernaturally acute eyesight. (SInv)
You are afflicted with vampirism and can become a bat while bloodless.
You are mostly covered in iridescent scales. (AC +4)
Your flesh is heat resistant. (rF+)
Your system is resistant to poisons. (rPois)
You are robust. (+10% HP)
You occasionally shout uncontrollably at your foes.
Your muscles are strong. (Str +4, Int/Dex -1)


Message History

A centaur, an iguana, 2 giants, a yak and a kobold demonologist come into view.
Kikubaaqudgha calls piteous wretches from the earth!
You yell at the kobold brigand!
A yaktaur captain and a kobold brigand come into view.
Kikubaaqudgha calls piteous wretches from the earth!
Kikubaaqudgha will no longer protect you from unholy torment.
A boulder beetle comes into view.
Casting: Death Channel (safe; 1% risk of failure)
Confirm with . or Enter, or press ? or * to list all spells.
Aiming: Infestation (mildly dangerous; 1% risk of failure)
Press: ? - help, Dir - move target, f - you You call forth a plague of scarabs!
The floating eye is infested!
The kobold demonologist is infested!
The stone giant is infested!
The boulder beetle is infested!
The yak is infested!
The iguana is infested!
The kobold brigand is infested!
The ettin is infested!
The yaktaur captain is infested!
The centaur is infested!
A nearby ettin perishes wretchedly.
A nearby centaur perishes wretchedly.
A nearby iguana perishes wretchedly.
A nearby stone giant perishes wretchedly.
A nearby yak perishes wretchedly.
A nearby kobold demonologist perishes wretchedly.
A nearby kobold brigand perishes wretchedly.
A death scarab bursts from the kobold brigand!
A death scarab bursts from the kobold demonologist!
A death scarab bursts from the yak!
A death scarab bursts from the stone giant!
A death scarab bursts from the iguana!
A death scarab bursts from the centaur!
A death scarab bursts from the ettin!
A nearby yaktaur captain perishes wretchedly.
A nearby boulder beetle perishes wretchedly.
A death scarab bursts from the boulder beetle!
A death scarab bursts from the yaktaur captain!
Your death scarab bites the floating eye.
The floating eye dies!
A death scarab bursts from the floating eye!
An Orb Guardian comes into view.
Unknown command.
Your death scarab bites the Orb Guardian!
Your death scarab draws strength from the Orb Guardian's injuries!
You have escaped!

#.......##.##############...#
#....>..##.# ###...# #.......##.#
#########.#...##### #.......##.#
#≈≈≈≈≈≈≈#.##....... '.......##.#
##≈≈..≈≈≈#.##....... #.......##.#
#..≈...≈≈≈.##....... ........##.#
#......≈≈≈.##....... ......[.)..#
#..BZ..≈≈≈.##.###...
.....#..######.Z@B≈.≈≈≈.##.###...
.##..........#.BZZ≈~≈≈≈.##.......
.##...).......Z..Z~≈≈≈≈.##.#####.
.##.......##Z.BB..≈≈≈≈≈.#........
.########.#..Z(B..≈≈≈≈#.#..####..
.# #...#.#BBZ..#######.#.....#..
.# #...#.#X.BB.......#...(.#....
.####...#+#........##.###...#....
.+.................##..##...#....


You could see an Orb Guardian (ally target), a friendly spectral iguana, a
friendly spectral yak, a friendly spectral boulder beetle, a friendly spectral
kobold brigand, a friendly spectral kobold demonologist, a friendly spectral
centaur, a friendly spectral yaktaur captain, a friendly spectral ettin, a
friendly spectral stone giant and 10 friendly death scarabs.

Vanquished Creatures
  A dread lich (Zot:5)
  2 orbs of fire
  Bai Suzhen (Depths:2)
  2 Killer Klowns (Zot:5)
  Saint Roka (Orc:2)
  4 golden dragons
  A doom hound (Depths:4)
  2 electric golems (Zot:1)
  The ghost of Zitir the Lord of Darkness, an adept DsNe of Kikubaaqudgha (Vaults:2)
  Jorgrun (Shoals:1)
  A walking crystal tome (Depths:3)
  3 liches
  11 tentacled monstrosities
  7 Orb Guardians
  10 quicksilver dragons
  The ghost of Oshuy the Hoplite, an adept GrFi of Hepliaklqana (Vaults:4)
  2 titans (Vaults:5)
  The ghost of Eqayxo the Cleaver, an adept DsBr of Gozag (Shoals:3)
  7 death cobs
  3 sphinxes
  2 tengu reavers
  5 shadow dragons
  9 storm dragons
  3 draconian monks
  4 draconian knights
  A deep elf sorcerer (Vaults:1)
  3 fire giants
  8 vault wardens
  An iron dragon (Depths:2)
  8 frost giants
  A balrug (Depths:3)
  3 draconian scorchers
  A draconian shifter (Zot:5)
  2 emperor scorpions
  4 ghost moths
  3 draconian stormcallers
  10 very ugly things
  3 spriggan defenders
  8 stone giants
  9 ironbound preservers
  6 draconian annihilators
  A reaper (Depths:1)
  2 orc warlords
  A broodmother (Spider:3)
  A deep elf demonologist (Vaults:5)
  A demonspawn corrupter (WizLab)
  4 green draconians
  3 vampire knights
  2 formless jellyfish
  7 black draconians
  4 red draconians
  A lorocyproca (Depths:3)
  10 spark wasps
  4 white draconians
  6 yellow draconians
  7 dire elephants
  9 purple draconians
  Snorg (D:13)
  A crystal guardian (Vaults:1)
  8 merfolk impalers
  A blizzard demon (Depths:4)
  2 deep elf high priests (Vaults:5)
  7 ettins
  8 yaktaur captains
  5 merfolk javelineers
  5 fire dragons
  4 great orbs of eyes
  A spectral golden dragon (Vaults:4)
  3 entropy weavers
  A rakshasa (Depths:2)
  Erolcha (D:9)
  A hell beast (Depths:3)
  A spectral tengu (Vaults:4)
  3 ice dragons
  A spectral shadow dragon (Vaults:4)
  A peacekeeper (Vaults:1)
  A caustic shrike simulacrum (Depths:3)
  7 spriggan air magi
  6 hydras
  14 vault guards
  2 jorogumos (Spider:1)
  3 catoblepae
  2 ogre magi
  9 boulder beetles
  A merfolk aquamancer (Shoals:4)
  5 hell hogs (Depths:4)
  13 centaur warriors
  A merfolk avatar (Shoals:4)
  6 ironbound frosthearts
  4 two-headed ogres
  2 death yaks
  2 satyrs
  2 deep troll shamans
  6 tengu warriors
  4 deep troll earth magi
  2 spriggan berserkers
  4 orc high priests (Orc:2)
  2 deep elf knights
  4 soul eaters
  4 sun demons
  A salamander mystic (WizLab)
  A sixfirhy (Depths:3)
  3 hell knights
  A skeletal warrior (D:12)
  A spectral elf (Vaults:4)
  A fire crab (Lair:5)
  2 iron trolls
  2 skysharks
  23 deep trolls
  A spriggan rider (Depths:2)
  2 orb spiders
  A deep troll (shapeshifter) (Vaults:2)
  2 pharaoh ants
  10 sea snakes
  2 glowing orange brains (Depths:2)
  5 harpies
  A kraken simulacrum (Shoals:4)
  8 wizards
  2 phantasmal warriors (Depths:2)
  3 steelbarb worms
  7 lindwurms
  3 deep elf pyromancers
  8 ironbound convokers
  2 deep elf zephyrmancers (D:14)
  3 necromancers
  6 cyclopes
  11 orc knights
  An orc sorcerer (Orc:2)
  27 ugly things
  13 fauns
  13 manticores
  A sphinx skeleton (Depths:3)
  13 moths of wrath
  7 wolf spiders
  2 tengu skeletons (Vaults:4)
  6 merfolk sirens
  3 water nymphs
  6 vault sentinels
  14 elephants
  Maurice (D:12)
  3 black mambas
  A stone giant skeleton (Vaults:4)
  7 demonic crawlers
  19 cane toads
  2 orange demons
  Maggie (D:7)
  A smoke demon (Depths:3)
  An unseen horror (D:12)
  5 gargoyles
  2 rime drakes (Lair:1)
  6 torpor snails
  2 kobold demonologists (D:9)
  6 komodo dragons
  4 freezing wraiths
  9 yaktaurs
  A tengu conjurer (D:15)
  2 efreet
  14 meliai
  A spectral glowing shapeshifter (Vaults:4)
  2 tyrant leeches (Lair:5)
  23 merfolk
  6 wind drakes
  4 hornets
  6 polar bears
  5 trolls
  17 tarantellas
  Prince Ribbit (D:6)
  10 snapping turtles
  12 blink frogs
  A human simulacrum (Vaults:4)
  2 centaur simulacra (D:12)
  15 dream sheep
  A slime creature (shapeshifter) (Depths:3)
  A culicivora (shapeshifter) (Vaults:5)
  14 jumping spiders
  A ynoxinul (Depths:3)
  11 slime creatures
  A vampire (D:10)
  13 culicivoras
  52 yaks
  15 spriggans
  7 water elementals
  3 wyverns (Lair:1)
  A shadow (D:12)
  11 basilisks
  5 steam dragons
  4 wraiths
  A redback (shapeshifter) (Vaults:5)
  2 chaos spawn
  13 vampire mosquitoes
  34 redbacks
  Menkaure (D:7)
  2 acid dragons
  3 wargs (D:10)
  13 water moccasins
  3 ice beasts
  26 orc warriors
  An elf simulacrum (Vaults:4)
  A small abomination (D:15)
  2 black bears (D:6)
  An ettin simulacrum (Depths:4)
  13 boggarts
  9 wolves (Lair:4)
  3 ogres (Bailey)
  9 centaurs
  A human skeleton (Vaults:4)
  5 kobold brigands
  2 phantoms
  19 bullfrogs
  4 scorpions
  4 wights (D:9)
  A gnoll sergeant (D:9)
  10 killer bees
  4 electric eels
  2 howler monkeys
  4 jellies
  A gnoll bouda (D:6)
  2 hounds
  23 orc priests
  A sleepcap (D:4)
  26 orc wizards
  5 iguanas
  10 gnolls
  12 adders
  4 worms (D:3)
  3 dart slugs (D:1)
  64 orcs
  7 ball pythons
  12 endoplasms
  5 giant cockroaches
  5 hobgoblins
  2 jackals (D:5)
  4 quokkas
  3 bats
  4 frilled lizards
  10 goblins
  36 kobolds
  9 rats
  A tentacle (Shoals:4)
1372 creatures vanquished.

Vanquished Creatures (collateral kills)
  4 dread liches
  A juggernaut (Depths:3)
  2 ancient liches
  2 orbs of fire
  Josephina (Depths:3)
  3 Killer Klowns
  A Head Instructor (WizLab)
  2 curse toes (Zot:5)
  8 golden dragons
  The ghost of Ceba Yti the Executioner, a veteran GrFi of the Shining One (Vaults:2)
  2 Brimstone Fiends
  4 electric golems
  A doom hound (Zot:1)
  10 tentacled monstrosities
  2 liches
  17 Orb Guardians
  8 quicksilver dragons
  An Ice Fiend (Zot:4)
  Grunn (Zot:1)
  2 titans
  Polyphemus (Shoals:3)
  The ghost of Detic the Brawler, an adept DrCK of Xom (Shoals:3)
  2 death cobs
  4 sphinxes
  Kirke (Spider:4)
  9 storm dragons
  4 tengu reavers
  Donald (Vaults:2)
  3 emperor scorpions
  7 draconian monks
  Ilsuiw (Shoals:2)
  5 fire giants
  A draconian knight (Zot:1)
  7 shadow dragons
  3 ghost moths
  7 draconian shifters
  17 vault wardens
  4 draconian scorchers
  4 frost giants
  An orc warlord (Vaults:1)
  A balrug (Depths:4)
  4 draconian stormcallers
  A reaper (Depths:4)
  2 demonspawn corrupters (WizLab)
  16 ironbound preservers
  2 draconian annihilators
  2 spriggan defenders (Depths:4)
  4 ironbound thunderhulks
  2 broodmothers (Spider:1)
  A broodmother (shapeshifter) (Depths:4)
  14 very ugly things
  9 stone giants
  4 green draconians
  3 war gargoyles
  The ghost of Cujoq the Bludgeoner, a journeyman MiFi of Nemelex Xobeh (D:14)
  A putrid mouth (Zot:1)
  4 vampire knights
  10 black draconians
  10 spark wasps
  5 dire elephants
  7 purple draconians
  9 yellow draconians
  9 red draconians
  7 white draconians
  6 ettins
  2 deep elf death magi (Vaults:5)
  A merfolk impaler (Shoals:3)
  4 entropy weavers
  10 fire dragons
  A crystal guardian (Vaults:3)
  4 great orbs of eyes
  2 jiangshi (Depths:3)
  6 yaktaur captains
  4 deep elf high priests
  4 ice dragons
  A rakshasa (Depths:3)
  27 vault guards
  2 hydras (Lair:5)
  A catoblepas (Shoals:3)
  2 ogre magi
  2 peacekeepers (Vaults:3)
  A spectral tengu (Vaults:4)
  3 spriggan air magi
  The ghost of Maucupt the Convoker, a journeyman TeSu of Gozag (Shoals:3)
  The ghost of Modoxuh the Convoker, a journeyman TeSu of Gozag (Shoals:3)
  14 centaur warriors
  A jorogumo (Spider:2)
  A radroach (Spider:1)
  5 ironbound frosthearts
  A satyr (Shoals:2)
  A spectral stone giant (Vaults:4)
  3 tengu warriors (Depths:4)
  4 boulder beetles
  2 two-headed ogres (D:14)
  6 deep troll earth magi
  2 hell hogs (Depths:4)
  3 deep troll shamans
  7 spriggan berserkers
  2 vampire magi
  3 death yaks (Shoals:3)
  An orc high priest (Orc:2)
  2 soul eaters
  8 iron trolls
  3 skeletal warriors (Depths:4)
  5 shadow wraiths (Depths:4)
  2 sun demons
  4 hell knights
  8 spriggans
  A deep elf knight (WizLab)
  2 salamander mystics (WizLab)
  A sixfirhy (Depths:3)
  2 quicksilver dragon simulacra (Depths:4)
  41 deep trolls
  A sea snake (Shoals:2)
  3 pharaoh ants
  2 spriggan riders
  6 orb spiders
  A death drake (shapeshifter) (Depths:4)
  A glowing orange brain (Depths:2)
  8 steelbarb worms
  17 ironbound convokers
  6 lindwurms
  A deep elf pyromancer (Vaults:2)
  2 phantasmal warriors
  2 harpies (Shoals:3)
  A spriggan simulacrum (Depths:3)
  4 orc knights
  16 ugly things
  4 wolf spiders
  5 wizards
  3 deep elf zephyrmancers
  5 mana vipers (WizLab)
  An iron dragon zombie (Depths:3)
  6 fauns
  5 necromancers
  16 moths of wrath
  2 orc sorcerers
  4 manticores
  A salamander (Depths:1)
  3 cyclopes
  A human skeleton (Vaults:4)
  3 merfolk sirens
  3 naga magi (WizLab)
  An ice statue (Depths:4)
  5 cane toads (Lair:5)
  2 elephants (Lair:5)
  4 torpor snails (Spider:4)
  A molten gargoyle (Depths:2)
  8 slime creatures
  14 vault sentinels
  2 demonic crawlers (Spider:4)
  A komodo dragon (Lair:5)
  A tengu conjurer (Depths:2)
  29 yaktaurs
  An ice devil (Depths:3)
  A golden dragon simulacrum (Depths:3)
  2 freezing wraiths
  7 merfolk
  A red devil (Depths:3)
  A hellwing (Depths:3)
  7 hornets
  A wind drake (Shoals:4)
  A tyrant leech (Lair:5)
  A troll (Orc:2)
  8 meliai
  4 blink frogs (Lair:5)
  2 snapping turtles
  A tengu simulacrum (Depths:3)
  A dream sheep (shapeshifter) (Vaults:5)
  4 dream sheep (Shoals:2)
  15 tarantellas
  A frost giant simulacrum (Vaults:4)
  2 water elementals (Depths:3)
  11 culicivoras
  2 yaks (Lair:5)
  10 jumping spiders
  2 fire elementals (Depths:1)
  4 hogs (Spider:4)
  2 fire bats (Depths:1)
  A redback (shapeshifter) (Vaults:5)
  A chaos spawn (Zot:4)
  18 redbacks
  2 vampire mosquitoes (Lair:5)
  2 wargs
  A water moccasin (shapeshifter) (Vaults:2)
  3 water moccasins (Lair:5)
  A floating eye (shapeshifter) (D:1)
  8 orc warriors (Orc:2)
  3 boggarts
  2 ettin simulacra (Depths:4)
  5 ogres
  2 centaurs (D:14)
  A bullfrog (Lair:5)
  A gnoll sergeant (Orc:2)
  9 orc priests
  2 orc wizards
  A gnoll (Orc:2)
  20 orcs
  2 endoplasms (Lair:5)
  A spectral weapon (Zot:5)
883 creatures vanquished.

Vanquished Creatures (others)
  6 golden dragons
  A doom hound (Zot:1)
  5 quicksilver dragons
  2 tengu reavers
  5 shadow dragons
  A draconian monk (Zot:5)
  13 storm dragons
  2 fire giants (Depths:4)
  5 draconian knights
  A frost giant (Depths:4)
  An iron dragon (Depths:3)
  2 emperor scorpions (Spider:4)
  3 vault wardens
  6 ghost moths
  3 draconian scorchers
  A deep elf sorcerer (WizLab)
  2 draconian shifters (Zot:5)
  5 draconian annihilators
  2 ironbound preservers (Vaults:5)
  A broodmother (Spider:4)
  7 stone giants
  A deep elf demonologist (WizLab)
  2 ironbound thunderhulks
  A vampire knight (Depths:4)
  2 green draconians
  2 white draconians (Zot:1)
  4 black draconians
  2 spark wasps
  A demonspawn black sun (WizLab)
  2 red draconians (Zot:5)
  4 yellow draconians
  2 merfolk impalers
  3 ettins
  3 fire dragons
  A great orb of eyes (Vaults:2)
  An ice dragon (Depths:3)
  2 yaktaur captains
  A spriggan air mage (Depths:4)
  An ogre mage (Vaults:5)
  2 boulder beetles
  A centaur warrior (Shoals:3)
  2 deep troll earth magi
  2 tengu warriors
  An orc high priest (Orc:2)
  A hell knight (Depths:4)
  3 sea snakes
  A deep troll (Vaults:5)
  4 ironbound convokers
  A harpy (Shoals:4)
  An orc knight (Orc:2)
  A lindwurm (Vaults:5)
  2 wizards
  A necromancer (Depths:3)
  3 manticores
  A faun (Shoals:2)
  24 moths of wrath
  3 water nymphs
  A komodo dragon (Lair:5)
  A yaktaur (Vaults:5)
  A kobold demonologist (D:1)
  A tengu conjurer (Depths:4)
  A wind drake (Shoals:3)
  5 merfolk
  A tengu simulacrum (Depths:3)
  3 trolls (Orc:2)
  2 snapping turtles
  2 tarantellas (Spider:1)
  A jumping spider (shapeshifter) (Vaults:5)
  A jumping spider (Spider:4)
  2 slime creatures (Vaults:2)
  A yak (D:1)
  3 redbacks
  A warg (Orc:2)
  A floating eye (shapeshifter) (Depths:4)
  2 orc warriors (Orc:2)
  3 ettin simulacra (Depths:4)
  2 centaurs
  An ogre (Orc:2)
  A kobold brigand (D:1)
  A bullfrog (D:14)
  A jelly (D:7)
  2 orc wizards
  An iguana (D:1)
  An orc (Orc:2)
  7 tentacles (Shoals:4)
213 creatures vanquished.

Grand Total: 2468 creatures vanquished

Notes
Turn   | Place    | Note
-------+----------+-------------------------------------------
     0 | D:5      | NoAnimeNoLife the Vampire Delver began the quest for the
                  | Orb.
     0 | D:5      | Reached XP level 1. HP: 17/17 MP: 1/1
   179 | D:4      | Noticed a phantom
   251 | D:3      | Found an opulent altar of Gozag.
   328 | D:2      | Reached XP level 2. HP: 23/23 MP: 2/2
   775 | D:1      | Gained mutation: You are afflicted with vampirism and can
                  | become a bat while bloodless. [Vampire growth]
   775 | D:1      | Reached XP level 3. HP: 28/28 MP: 3/3
   861 | D:1      | Reached skill level 3 in Dodging
  1563 | D:2      | Reached XP level 4. HP: 34/34 MP: 4/4
  1888 | D:2      | Found Buiguont's Jewellery Emporium.
  2483 | D:3      | Reached XP level 5. HP: 39/39 MP: 5/5
  2536 | D:4      | Reached skill level 4 in Dodging
  2701 | D:4      | Killed a phantom
  2702 | D:4      | Reached XP level 6. HP: 40/46 MP: 6/6
  3051 | D:6      | Noticed an ice beast
  3074 | D:5      | Noticed an acid dragon
  3087 | D:5      | Killed an acid dragon
  3142 | D:5      | Reached skill level 5 in Dodging
  3380 | D:5      | Reached XP level 7. HP: 51/51 MP: 7/7
  3403 | D:5      | Reached skill level 10 in Stealth
  3492 | D:5      | Reached skill level 5 in Long Blades
  3884 | D:6      | Found Oleisutidd's Book Emporium.
  3943 | D:6      | Reached skill level 6 in Dodging
  4103 | D:6      | Reached XP level 8. HP: 28/57 MP: 8/8
  4146 | D:6      | Noticed Prince Ribbit
  4187 | D:6      | Killed Prince Ribbit
  4188 | D:6      | Reached skill level 7 in Dodging
  4640 | D:7      | Noticed Maggie
  4911 | D:7      | Found a staircase to the Ecumenical Temple.
  4919 | Temple   | Entered the Ecumenical Temple
  5157 | Temple   | Became a worshipper of Kikubaaqudgha
  5448 | D:6      | Gained mutation: Your flesh is heat resistant. (rF+)
                  | [potion of mutation]
  5448 | D:6      | Gained mutation: You are partially covered in iridescent
                  | scales. (AC +2) [potion of mutation]
  5448 | D:6      | Gained mutation: You are robust. (+10% HP) [potion of
                  | mutation]
  5666 | D:7      | Noticed Menkaure
  5674 | D:7      | Killed Menkaure
  5675 | D:7      | Reached XP level 9. HP: 64/68 MP: 9/9
  5883 | D:8      | Reached skill level 8 in Dodging
  6080 | D:8      | Found Gafib's Jewellery Shop.
  6878 | D:9      | Found Coutum's Armour Emporium.
  6967 | D:9      | Noticed a kobold demonologist
  6986 | D:9      | Noticed a kobold demonologist
  6999 | D:9      | Noticed a rust devil
  7018 | D:9      | Noticed a hellwing
  7023 | D:9      | Killed a kobold demonologist
  7027 | D:9      | Noticed a red devil
  7039 | D:9      | Killed a kobold demonologist
  7040 | D:9      | Reached skill level 9 in Dodging
  7054 | D:9      | Reached * piety under Kikubaaqudgha
  7054 | D:9      | Received a gift from Kikubaaqudgha
  7078 | D:9      | Identified the +6 bardiche "Hockinull" {heavy, *Corrode
                  | rElec rPois}
  7637 | D:9      | Reached XP level 10. HP: 68/68 MP: 10/10
  8029 | D:9      | Noticed Erolcha
  8181 | D:7      | Killed Maggie
  8696 | D:9      | Reached skill level 1 in Polearms
  8733 | D:9      | Found an ornate altar of the Wu Jian Council.
  8885 | D:9      | Killed Erolcha
  8957 | D:10     | Entered Level 10 of the Dungeon
  8964 | D:10     | Found a staircase to the Lair.
  9000 | D:10     | Reached ** piety under Kikubaaqudgha
  9027 | D:10     | Reached skill level 5 in Polearms
  9110 | D:10     | Found Goklu's Antique Weapon Boutique.
  9141 | D:10     | Found a flagged portal.
  9160 | Bailey   | Entered a bailey
  9507 | Bailey   | Noticed a two-headed ogre
  9569 | Bailey   | Killed a two-headed ogre
  9570 | Bailey   | Reached XP level 11. HP: 77/81 MP: 11/11
  9863 | D:10     | Found a portal to a secret trove of treasure.
  9922 | D:10     | Noticed a two-headed ogre
  9932 | D:10     | Killed a two-headed ogre
 10706 | D:11     | Found Guegg's Antique Weapon Boutique.
 10765 | D:11     | Found a staircase to the Orcish Mines.
 10975 | D:12     | Reached skill level 10 in Polearms
 11014 | D:12     | Noticed a red ugly thing
 11029 | D:12     | Killed a red ugly thing
 11084 | D:12     | Noticed a boulder beetle
 11085 | D:12     | Noticed a deep elf pyromancer
 11261 | D:12     | Noticed a deep elf pyromancer
 11276 | D:12     | Killed a deep elf pyromancer
 11316 | D:12     | Reached *** piety under Kikubaaqudgha
 11316 | D:12     | Received a gift from Kikubaaqudgha
 11330 | D:12     | Reached skill level 1 in Necromancy
 11348 | D:12     | Noticed a two-headed ogre
 11351 | D:12     | Identified the staff of earth "Uhubalo" {rElec rPois}
 11351 | D:12     | Noticed a centaur warrior
 11415 | Lair:1   | Entered Level 1 of the Lair of Beasts
 11418 | Lair:1   | Reached skill level 1 in Spellcasting
 11586 | Lair:1   | Reached XP level 12. HP: 70/88 MP: 13/15
 11679 | Lair:1   | Reached skill level 5 in Necromancy
 12147 | Lair:1   | Noticed a six-headed hydra
 12172 | Lair:1   | Killed a six-headed hydra
 12182 | Lair:1   | Learned a level 5 spell: Borgnjor's Vile Clutch
 12189 | Lair:1   | Learned a level 6 spell: Death Channel
 12295 | Lair:1   | Reached skill level 1 in Earth Magic
 12605 | Lair:1   | Reached **** piety under Kikubaaqudgha
 12875 | Lair:2   | Noticed a six-headed hydra
 12894 | Lair:2   | Killed a six-headed hydra
 13021 | Lair:2   | Reached skill level 10 in Necromancy
 13061 | Lair:2   | Found a hole to the Spider Nest.
 13177 | Lair:2   | Reached XP level 13. HP: 84/93 MP: 19/19
 13426 | Lair:2   | Found a staircase to the Shoals.
 13939 | Lair:3   | Reached skill level 5 in Earth Magic
 14965 | Lair:4   | Reached ***** piety under Kikubaaqudgha
 15153 | Lair:4   | Reached skill level 5 in Spellcasting
 16119 | Lair:5   | Entered Level 5 of the Lair of Beasts
 16647 | Lair:4   | Reached XP level 14. HP: 23/100 MP: 4/24
 16817 | Lair:5   | Learned a level 2 spell: Sublimation of Blood
 16820 | Lair:5   | Learned a level 2 spell: Blink
 16908 | Lair:5   | Reached skill level 1 in Ice Magic
 17042 | Lair:5   | Reached XP level 15. HP: 105/105 MP: 25/25
 17136 | Lair:5   | Reached skill level 5 in Ice Magic
 17222 | Lair:5   | Found a staircase to the Slime Pits.
 17314 | Lair:5   | Identified the +0 robe of the Fae Komodo Dragon {Int-3
                  | Dex+5 Archmagi}
 17323 | Lair:5   | Identified the +1 robe of Monotheism {Int+6}
 17725 | Lair:5   | Learned a level 6 spell: Simulacrum
 18351 | Orc:1    | Entered Level 1 of the Orcish Mines
 18381 | Orc:1    | Reached ****** piety under Kikubaaqudgha
 18656 | Orc:2    | Entered Level 2 of the Orcish Mines
 18729 | Orc:2    | Found Biatam's Antique Weapon Shop.
 18735 | Orc:2    | Found a staircase to the Elven Halls.
 18770 | Orc:2    | Noticed Saint Roka
 18792 | Orc:2    | Killed Saint Roka
 18981 | Orc:2    | Received a gift from Kikubaaqudgha
 19612 | Orc:2    | Reached skill level 15 in Necromancy
 20338 | Orc:2    | Gained mutation: Your system is resistant to poisons.
                  | (rPois) [a neqoxec]
 20575 | Orc:2    | Found Qoitolij's General Store.
 20576 | Orc:2    | Found Houdemogg's Armour Emporium.
 20579 | Orc:2    | Found Zaam's General Store.
 20580 | Orc:2    | Found Wolotzim's Antique Armour Emporium.
 20587 | Orc:2    | Bought a scroll of fog for 56 gold pieces
 20587 | Orc:2    | Bought a potion of heal wounds for 70 gold pieces
 20660 | Orc:2    | Bought a glowing demon blade for 522 gold pieces
 20733 | Orc:2    | Bought a scroll of teleportation for 48 gold pieces
 20733 | Orc:2    | Bought a scroll of enchant weapon for 120 gold pieces
 20733 | Orc:2    | Bought 2 potions of curing for 96 gold pieces
 20738 | Orc:2    | Bought a +1 pair of gloves of dexterity for 231 gold pieces
 21100 | D:13     | Noticed Snorg
 21111 | D:13     | Killed Snorg
 21483 | D:13     | Reached skill level 10 in Long Blades
 22040 | D:12     | Noticed Maurice
 22046 | D:12     | Killed Maurice
 22052 | D:12     | Identified the amulet "Copsunid" {Harm Regen+ Stlth+}
 22207 | D:12     | Identified the +4 trident of Moderation {antimagic, rPois
                  | Int-4 Dex+3}
 22219 | D:12     | Reached XP level 16. HP: 114/118 MP: 13/26
 22441 | D:12     | Identified the +11 trident "Icuol" {heavy, rC+}
 22958 | D:12     | Upgraded the game from 0.31-a0-117-g42d8f58691 to
                  | 0.31-a0-121-g1e386dd289
 23159 | D:14     | Found a runed translucent door.
 23186 | D:14     | Noticed Cujoq's ghost (journeyman MiFi)
 24076 | D:14     | Found a gate to the Vaults.
 24230 | D:14     | Killed Cujoq's ghost
 24276 | D:15     | Entered Level 15 of the Dungeon
 24277 | D:15     | Identified the +10 orcbow of Mutilation {drain, rPois
                  | Will+}
 24594 | D:15     | Found a staircase to the Depths.
 25524 | Shoals:1 | Entered Level 1 of the Shoals
 25996 | Shoals:1 | Noticed Jorgrun
 26007 | Shoals:1 | Killed Jorgrun
 26259 | Shoals:1 | You fall into a shaft and drop 1 floor!
 26439 | Shoals:2 | Noticed Ilsuiw
 27558 | Shoals:2 | Reached XP level 17. HP: 36/124 MP: 14/29
 29039 | Shoals:2 | Killed Ilsuiw
 29458 | Shoals:3 | Reached skill level 1 in Shields
 29462 | Shoals:3 | Reached skill level 1 in Armour
 29466 | Shoals:3 | Reached skill level 10 in Dodging
 29473 | Shoals:3 | Noticed Polyphemus
 29492 | Shoals:3 | Found a runed translucent gate.
 29492 | Shoals:3 | Found a runed translucent gate.
 29492 | Shoals:3 | Found a runed translucent gate.
 29806 | Shoals:3 | Killed Polyphemus
 29814 | Shoals:3 | Noticed Modoxuh's ghost (journeyman TeSu)
 29816 | Shoals:3 | Noticed Detic's ghost (adept DrCK)
 29818 | Shoals:3 | Noticed Maucupt's ghost (journeyman TeSu)
 29818 | Shoals:3 | Noticed Eqayxo's ghost (adept DsBr)
 29835 | Shoals:3 | Killed Modoxuh's ghost
 29838 | Shoals:3 | Killed Detic's ghost
 29846 | Shoals:3 | Killed Eqayxo's ghost
 29846 | Shoals:3 | Killed Maucupt's ghost
 29878 | Shoals:3 | Identified the amulet "Kaxa" {Faith SInv}
 29959 | Shoals:3 | Found Hitiash's CLEARANCE SALE!.
 30039 | Shoals:3 | Bought a potion of might for 12 gold pieces
 30039 | Shoals:3 | Bought a potion of resistance for 30 gold pieces
 30601 | Shoals:4 | Entered Level 4 of the Shoals
 32204 | Shoals:4 | Identified the +6 glaive "Defeu" {vamp, rF++ rN+ Will-}
 32636 | Shoals:4 | Identified the +1 mace of the Singing Salmon {heavy, Fly
                  | rF+ Int+2 Stlth-}
 33225 | Shoals:4 | Got a barnacled rune of Zot
 33396 | Spider:1 | Entered Level 1 of the Spider Nest
 33684 | Spider:1 | Reached XP level 18. HP: 116/130 MP: 29/31
 33806 | Spider:1 | Learned a level 8 spell: Infestation
 33858 | Spider:1 | Got Jiepniank's Directory of the Luminous Gift
 35790 | Orc:2    | Bought a runed cloak for 217 gold pieces
 38458 | Spider:3 | Reached skill level 5 in Fighting
 39143 | Spider:4 | Entered Level 4 of the Spider Nest
 39215 | Spider:4 | Noticed Kirke
 39221 | Spider:4 | Killed Kirke
 39787 | Spider:4 | Got a gossamer rune of Zot
 40351 | Vaults:1 | Entered Level 1 of the Vaults
 40373 | Vaults:1 | Reached XP level 19. HP: 129/151 MP: 19/32
 40397 | Vaults:1 | Reached skill level 11 in Dodging
 40436 | Vaults:1 | Identified a scroll of acquirement
 40444 | Vaults:1 | Acquired 550 gold pieces
 40464 | Vaults:1 | Reached skill level 12 in Dodging
 40530 | Vaults:1 | Reached skill level 13 in Dodging
 41237 | Vaults:1 | Reached skill level 14 in Dodging
 41594 | Vaults:1 | Reached skill level 15 in Dodging
 42332 | Vaults:2 | Reached skill level 5 in Shields
 42673 | Vaults:2 | Reached skill level 10 in Shields
 42676 | Vaults:2 | Reached XP level 20. HP: 121/159 MP: 19/33
 42814 | Vaults:2 | Found Deminuisk's Jewellery Shop.
 42822 | Vaults:2 | Bought the ring "Gahiusk" {+Blink rC- Int+9 Dex+6 SInv} for
                  | 991 gold pieces
 42946 | Vaults:2 | Reached skill level 1 in Evocations
 43169 | Vaults:2 | Noticed Donald
 43180 | Vaults:2 | Killed Donald
 43760 | Vaults:2 | Found a runed translucent gate.
 43760 | Vaults:2 | Found a runed translucent gate.
 43761 | Vaults:2 | Noticed Ceba Yti's ghost (veteran GrFi)
 43762 | Vaults:2 | Found a runed translucent gate.
 43763 | Vaults:2 | Noticed Zitir's ghost (adept DsNe)
 43834 | Vaults:2 | Acquired 741 gold pieces
 43921 | Vaults:2 | Killed Ceba Yti's ghost
 43925 | Vaults:2 | Killed Zitir's ghost
 43929 | Vaults:2 | Identified the +0 hat of the Smoking Gods {Drain rN++
                  | Int+4}
 44060 | Vaults:3 | Reached skill level 5 in Evocations
 44179 | Vaults:3 | Found a magical portal.
 44196 | WizLab   | Entered Yara's Duelist Academy
 44261 | WizLab   | Noticed Etepnian
 44263 | WizLab   | Killed Etepnian the Head Instructor
 44597 | WizLab   | Got Yara's Volume of Anathema
 44629 | WizLab   | Got Yara's Compendium of Curses
 44992 | D:10     | You paid a toll of a +4 demon blade to enter a treasure
                  | trove
 44993 | Trove    | Entered a treasure trove
 45517 | Vaults:3 | Reached skill level 1 in Hexes
 45812 | Vaults:3 | Reached skill level 5 in Hexes
 46524 | Vaults:3 | Reached XP level 21. HP: 165/165 MP: 34/34
 46594 | Vaults:3 | Found a staircase to the Crypt.
 46775 | Vaults:4 | Reached skill level 10 in Hexes
 46848 | Vaults:4 | Found a runed translucent gate.
 46848 | Vaults:4 | Found a runed translucent gate.
 46848 | Vaults:4 | Found a runed translucent gate.
 47276 | Vaults:4 | Found Nosump's Weapon Shop.
 47953 | Vaults:4 | Noticed Oshuy's ghost (adept GrFi)
 48019 | Vaults:4 | Killed Oshuy's ghost
 48072 | Vaults:5 | Entered Level 5 of the Vaults
 48118 | Vaults:5 | Reached skill level 15 in Hexes
 48125 | Vaults:5 | Noticed a dread lich
 48131 | Vaults:5 | Killed a dread lich
 48134 | Vaults:5 | Reached skill level 10 in Spellcasting
 48134 | Vaults:5 | Noticed a dread lich
 48140 | Vaults:5 | Killed a dread lich
 48181 | Vaults:5 | Identified the ring of Hewiqewi {Fire rN+ Str+3 Dex+2}
 48192 | Vaults:5 | Identified the +12 quarterstaff "Ohakics" {vamp, Fly rPois
                  | rN+ Int-2}
 48210 | Vaults:5 | Identified the +8 fire dragon scales of the Devil {rF++ rC-
                  | Dex+3}
 48295 | Vaults:5 | Identified the +0 leather armour "Rita" {-Cast *Corrode
                  | Regen+ Str+7}
 48327 | Vaults:5 | Noticed a golden dragon
 48341 | Vaults:5 | Killed a golden dragon
 48359 | Vaults:5 | Learned a level 7 spell: Enfeeble
 48365 | Vaults:5 | Learned a level 5 spell: Yara's Violent Unravelling
 48376 | Vaults:5 | Reached skill level 1 in Summonings
 48463 | Vaults:5 | Noticed an ancient lich
 48481 | Vaults:5 | Killed an ancient lich
 48482 | Vaults:5 | Reached XP level 22. HP: 151/172 MP: 12/37
 48483 | Vaults:5 | Reached skill level 5 in Summonings
 48556 | Vaults:5 | HP: 1/172 [vault warden/+1 great sword of holy wrath (31)]
 48633 | Vaults:5 | Noticed a dread lich
 48640 | Vaults:5 | Killed a dread lich
 48652 | Vaults:5 | Learned a level 7 spell: Haunt
 48897 | Vaults:5 | Identified the +1 war axe of Gozag's Indignation {holy,
                  | rPois Dex-5 Stlth+}
 48920 | Vaults:5 | Reached skill level 10 in Summonings
 49143 | Vaults:5 | Identified the staff of air "Levip" {rElec Int+4}
 49208 | Vaults:5 | Identified the +3 halberd of Untruth {flame, rElec rF++}
 49468 | Vaults:5 | Identified the +7 hand axe of Change {flame, rC+ rN+ rCorr}
 49742 | Vaults:5 | Got a silver rune of Zot
 49968 | Vaults:5 | Identified the +0 rapier of Butchery {speed, Str+3}
 50070 | Vaults:5 | Found the +2 cloak of the Thief {*Fog Slay-2 SInv Stlth+}
 50181 | Vaults:5 | Identified the +5 short sword of Folupeje {flame, rPois rN+
                  | Str+3}
 50304 | Vaults:5 | Got Velaem's Handbook of Vapour and Portals
 50562 | Depths:1 | Entered Level 1 of the Depths
 50726 | Depths:1 | Identified the +4 plate armour of Insatiable Hunger {rF+
                  | rN+ Str-2 Dex+4}
 50806 | Depths:1 | Found Goni's Assorted Antiques.
 50909 | Depths:1 | Reached skill level 5 in Armour
 51012 | Depths:1 | Found a gateway to Hell.
 51486 | Depths:2 | Found a shimmering altar of Xom.
 51686 | Depths:2 | Reached XP level 23. HP: 119/179 MP: 24/38
 52136 | Depths:2 | Found a broken altar of Ashenzari.
 52139 | Depths:2 | Noticed Bai Suzhen
 52149 | Depths:2 | Killed Bai Suzhen
 52293 | Depths:2 | Found Jestutes's Antique Armour Shop.
 52348 | Depths:2 | Bought the +3 crown of Dyrovepreva {rElec Int+2 SInv} for
                  | 1780 gold pieces
 52348 | Depths:2 | Found the +3 crown of Dyrovepreva {rElec Int+2 SInv}
 52514 | Depths:2 | Reached skill level 10 in Armour
 52873 | Depths:2 | Acquired a +1 pair of boots of flying
 52918 | Depths:2 | Found a one-way gate leading to the halls of Pandemonium.
 53270 | Depths:3 | Found an iron altar of Okawaru.
 53273 | Depths:3 | Found a one-way gate to the infinite horrors of the Abyss.
 53478 | Depths:3 | Reached skill level 16 in Dodging
 53709 | Depths:3 | Noticed a juggernaut
 53715 | Depths:3 | Reached skill level 17 in Dodging
 53732 | Depths:3 | Killed a juggernaut
 53881 | Depths:3 | Identified the +1 great sword of Analysis {speed, Str+3}
 53935 | Depths:3 | Identified the ring "Bahica" {Ice rElec rCorr Int+3}
 53935 | Depths:3 | Noticed Josephina
 54231 | Depths:3 | Identified the +1 dagger of the Forest {protect, Dex+6}
 54234 | Depths:3 | Identified the staff of fire "Etytoam" {rF+ Int+2}
 54416 | Depths:3 | Reached skill level 18 in Dodging
 54474 | Depths:3 | Killed Josephina
 54749 | Depths:4 | Entered Level 4 of the Depths
 54805 | Depths:4 | Reached XP level 24. HP: 131/187 MP: 10/38
 54814 | Depths:4 | Reached skill level 19 in Dodging
 54822 | Depths:4 | Found a broken altar of Ashenzari.
 54952 | Depths:4 | Found an iron altar of Okawaru.
 55303 | Depths:4 | Reached skill level 20 in Dodging
 55685 | Depths:4 | Identified the +1 leather armour "Nuawkeg" {+Blink Stlth+}
 55831 | Depths:4 | Identified the +3 chain mail of Dynatzas {-Tele rElec Will+
                  | Int+9}
 55948 | Depths:4 | Found a gate to the Realm of Zot.
 55977 | Depths:4 | Reached skill level 21 in Dodging
 56497 | Depths:4 | Found a one-way gateway to a ziggurat.
 57312 | Zot:1    | Entered Level 1 of the Realm of Zot
 57332 | Zot:1    | Reached skill level 22 in Dodging
 57389 | Zot:1    | Noticed Grunn
 58565 | Zot:1    | Reached skill level 23 in Dodging
 58585 | Zot:1    | Killed Grunn
 58818 | Zot:1    | You are sucked into a shaft and drop 1 floor!
 58855 | Zot:2    | Reached XP level 25. HP: 192/192 MP: 22/38
 58912 | Zot:2    | Noticed a Killer Klown
 58918 | Zot:2    | Killed a Killer Klown
 58919 | Zot:2    | Reached skill level 24 in Dodging
 60198 | Zot:2    | Reached skill level 25 in Dodging
 61179 | Zot:4    | Reached skill level 26 in Dodging
 61204 | Zot:4    | Noticed an orb of fire
 61214 | Zot:4    | Killed an orb of fire
 61220 | Zot:4    | Noticed an orb of fire
 61224 | Zot:4    | Gained mutation: Your muscles are strong. (Str +4, Int/Dex
                  | -1) [an orb of fire]
 61229 | Zot:4    | Gained mutation: You are mostly covered in iridescent
                  | scales. (AC +4) [an orb of fire]
 61237 | Zot:4    | Killed an orb of fire
 61829 | Zot:4    | Reached skill level 27 in Dodging
 61833 | Zot:4    | Identified the +0 leather armour "Amaidgh" {Harm Str-2
                  | Int+8 Dex-3}
 62116 | Zot:5    | Entered Level 5 of the Realm of Zot
 62138 | Zot:5    | Found a transporter.
 62140 | Zot:5    | Found a transporter.
 62144 | Zot:5    | Found a transporter.
 62146 | Zot:5    | Found a transporter.
 62468 | Zot:5    | Reached XP level 26. HP: 200/200 MP: 24/38
 62509 | Zot:5    | Noticed an orb of fire
 62509 | Zot:5    | Noticed a dread lich
 62510 | Zot:5    | Noticed an orb of fire
 62510 | Zot:5    | Noticed an orb of fire
 62523 | Zot:5    | Noticed an orb of fire
 62527 | Zot:5    | Killed a dread lich
 62532 | Zot:5    | Killed an orb of fire
 62550 | Zot:5    | Noticed an ancient lich
 62550 | Zot:5    | Noticed an orb of fire
 62556 | Zot:5    | Noticed a dread lich
 62562 | Zot:5    | Noticed an orb of fire
 62575 | Zot:5    | Noticed a dread lich
 63054 | Zot:5    | Gained mutation: You occasionally shout uncontrollably at
                  | your foes. [an orb of fire]
 63063 | Zot:5    | Killed an orb of fire
 63092 | Zot:5    | Killed an ancient lich
 63118 | Zot:5    | Killed a dread lich
 63160 | Zot:5    | Got the Orb of Zot
 63312 | Zot:4    | Noticed Oschioph the pandemonium lord
 63525 | Depths:3 | Noticed Egeihoff the pandemonium lord
 63584 | Depths:1 | Noticed Effyadgh the pandemonium lord
 63906 | D:$      | Escaped with the Orb!

Illustrated notes

Levels and vault maps discovered:
D:1:      dpeg_arrival_pond, layout_basic, hex_large
D:2:      layout_basic, serial_shops, shop_statue, nicolae_figureground_sparkle
D:3:      layout_basic, old_standard_altar
D:4:      layout_loops_ring
D:5:      layout_rooms, hex_medium, kennysheep_diamond
D:6:      minmay_recursive_quarters, layout_rooms, serial_shops, shop,
          uniq_prince_ribbit1
D:7:      layout_basic, minmay_temple_entry_junction_2,
          minmay_misc_feat_diagonals, lemuel_flamethrower_2, uniq_menkaure,
          uniq_maggie
D:8:      layout_basic, serial_shops, shop
D:9:      layout_basic, nicolae_overflow_crystal_walls, serial_shops, shop,
          uniq_erolcha
D:10:     layout_roguey, erik_lair_orcish_takeover, enter_bailey_5,
          enter_trove_2, serial_shops, kennysheep_little_box,
          minmay_fractal_squares_diagonal_5
D:11:     layout_loops_ring, orc_0_dummy, serial_shops, kennysheep_mini_moat
D:12:     minmay_the_grid_triangle_9x9_rhombus_full_mashed
          [minmay_the_grid_triangle_9x9_warning,
          minmay_the_grid_triangle_9x9_skeleton,
          minmay_the_grid_triangle_9x9_corrupted_corridor,
          minmay_the_grid_triangle_9x9_cache,
          minmay_the_grid_triangle_9x9_semitri,
          minmay_the_grid_triangle_9x9_wacky_v,
          minmay_the_grid_triangle_9x9_intruding_spiral,
          minmay_the_grid_triangle_9x9_prize_insulated], layout_basic,
          uniq_maurice
D:13:     layout_loops_ring, minmay_misc_feat_secret_circle, uniq_snorg
D:14:     layout_roguey, hangedman_vaults_entry_quadrant_bands,
          minmay_misc_feat_five, gammafunk_ghost_grave
D:15:     hangedman_depths_entry_civil_slaughter, layout_rooms,
          grunt_decor_junction, roderic_lattice_a
Temple:   nicolae_temple_bog_church
Lair:1:   kb_forest_paths, layout_small_grid, pdpol_lair_cavern_descent
Lair:2:   layout_long_grid, minmay_shoals_entry_centaurs,
          spider_nest_entry_funnel_web, serial_bayou_shore_b
Lair:3:   layout_cave_pods, lemuel_fruit_tree
Lair:4:   layout_small_grid, kilobyte_rumbling_trees
Lair:5:   minmay_lair_end_frog_pond, layout_small_grid,
          nicolae_slime_entry_slimehenge
Shoals:1: layout_shoals, nicolae_shoals_so_close, uniq_jorgrun
Shoals:2: layout_shoals, uniq_ilsuiw
Shoals:3: layout_shoals, gammafunk_ghost_cemetery, nicolae_shop_clearance,
          uniq_polyphemus
Shoals:4: shoals_end_grunt_ice, layout_shoals, nicolae_shoals_land_atoll,
          nicolae_shoals_wave_tunnel
Spider:1: layout_spider_delve
Spider:2: layout_chambers, nicolae_spider_twisty_arc_passages,
          nicolae_spider_cling_halls
Spider:3: layout_spider_delve, hangedman_spider_mandibles
Spider:4: hellmonk_spider_rune_bug_friends, uniq_kirke
Orc:1:    layout_diamond_mine
Orc:2:    st_orc_pillars, layout_diamond_mine, serial_shops, shop,
          uniq_saint_roka
Vaults:1: nicolae_vaults_library_corner, hangedman_vaults_impose,
          hangedman_vaults_locks, v_misc_9, nicolae_vaults_stepped_doors,
          v_rooms_3, v_misc_29, nicolae_vaults_heart-shaped_vault,
          nicolae_vaults_diagonal_hallway_9, ontoclasm_vaults_fault,
          vaults_room_grid, nicolae_vaults_house_1,
          nicolae_vaults_little_squares_4, ontoclasm_vaults_pinch,
          layout_vaults_omnicross
Vaults:2: gammafunk_ghost_cemetery, nicolae_vaults_tetromino_L_2,
          ontoclasm_vaults_decontamination, hangedman_vaults_variations,
          ontoclasm_vaults_chip, vaults_dpeg_diagonal, v_alt_pattern_3,
          v_rooms_5, st_quartered_hall, nicolae_vaults_hallways_thing,
          vaults_room_semicircle, nicolae_vaults_diamond_2, v_alt_pattern_6,
          hangedman_vaults_river_flow, nicolae_vaults_house_1,
          vaults_room_semicircle, nicolae_vaults_sesquioval_fish,
          layout_vaults_omnibox, serial_shops, nicolae_shop_crystal, uniq_donald
Vaults:3: infiniplex_enter_wizlab_glasses, nicolae_vaults_offset_grid_hallway_3,
          hangedman_vaults_slither, ontoclasm_vaults_bender,
          nicolae_vaults_trapezoid_lopsided_3, nicolae_vaults_holding_cells,
          vaults_dpeg_emergency_exit, v_misc_27,
          nicolae_vaults_storage_closets_1, nicolae_vaults_tetromino_Z_1,
          layout_vaults_quadrants, minmay_crypt_entry_simple_box
Vaults:4: gammafunk_ghost_necromancy, nicolae_vaults_closet_pinwheel_5,
          nicolae_vaults_prndl, hangedman_vaults_nails, vaults_room_fours,
          hangedman_vaults_slice, nicolae_vaults_three_branches,
          nicolae_vaults_border_crossing, layout_vaults_big_room, serial_shops,
          shop
Vaults:5: serial_shops
Depths:1: layout_cave_pools, serial_shops, shop_statue,
          hangedman_abyss_or_decor_stabs, hellmouth_1,
          kennysheep_generic_room_13, grunt_megastairs_1
Depths:2: hangedman_stitches_corridor, layout_basic, serial_shops, shop,
          pf_vacation_house_of_asmodeus, grunt_pan_entry_in_and_out,
          xom_teletrap_fun, ashenzari_altar_1, uniq_bai_suzhen
Depths:3: kennysheep_oblong_rooms, layout_basic, okawaru_gym_becter,
          lightli_too_deep, grunt_pan_entry_spiral, abyss_entry,
          minmay_multi_spiral, uniq_josephina
Depths:4: grunt_profane_halls [grunt_profane_temple_geh,
          grunt_profane_temple_coc, grunt_profane_temple_tar,
          grunt_profane_temple_dis, grunt_zot_portal], hell_entry
Zot:1:    layout_misc_corridors, uniq_grunn
Zot:2:    layout_misc_corridors, nicolae_lava_and_water, grunt_megastairs_3,
          lemuel_elevator
Zot:3:    layout_misc_corridors, st_small_dragon_hoard_2
Zot:4:    nicolae_zot_stationary_front, layout_misc_corridors,
          lemuel_lake_of_fire
Zot:5:    layout_twisted_circle, nicolae_transporter_circle

Skill      XL: |  1  2  3  4  5  6  7  8  9 10 11 12 13 14 15 16 17 18 19 20 21 22 23 24 25 26 |
---------------+-------------------------------------------------------------------------------+-----
Dodging        | 3 4 5 6 7 9 10 15 18 23 27 | 27.0
Stealth        | 8 9 11 12 14 | 14.9
Long Blades    | 3 4 5 7 8 9 10 14 | 14.5
Polearms       | 7 10 | 10.9
Necromancy     | 3 10 14 15 16 19 21 22 24 | 24.9
Spellcasting   | 2 4 6 8 9 11 | 11.0
Earth Magic    | 4 5 7 |  7.2
Ice Magic      | 4 8 |  8.7
Fighting       | 4 9 |  9.4
Shields        | 2 10 13 | 13.2
Armour         | 2 7 10 | 10.8
Evocations     | 8 |  8.2
Hexes          | 8 16 | 16.8
Summonings     | 4 11 | 11.6

Action                     |  1- 3 |  4- 6 |  7- 9 | 10-12 | 13-15 | 16-18 | 19-21 | 22-24 | 25-27 || total
---------------------------+-------+-------+-------+-------+-------+-------+-------+-------+-------++-------
  Melee: Falchion          |   114 |   252 |   473 |    68 |       |       |       |       |       ||   907
         Bite              |    11 |    32 |    59 |   115 |   222 |   187 |   123 |   171 |   129 ||  1049
         Punch             |     2 |     2 |     7 |    13 |    24 |     2 |       |       |       ||    50
         Lance             |       |       |       |   745 |  1347 |       |       |       |       ||  2092
         Demon blade       |       |       |       |       |    91 |  1188 |   586 |   842 |   516 ||  3223
  Throw: Javelin           |       |       |    10 |     3 |       |       |       |       |       ||    13
         Throwing net      |       |       |       |       |       |       |       |     2 |       ||     2
         Dart              |       |       |       |       |       |       |       |       |     8 ||     8
   Cast: Borgnjor's Vile C |       |       |       |       |    67 |   117 |    42 |    62 |    18 ||   306
         Death Channel     |       |       |       |       |    20 |    62 |    33 |    46 |    18 ||   179
         Simulacrum        |       |       |       |       |     9 |    26 |     1 |       |       ||    36
         Sublimation of Bl |       |       |       |       |     1 |       |     1 |       |       ||     2
         Infestation       |       |       |       |       |       |    23 |    73 |    91 |    38 ||   225
         Enfeeble          |       |       |       |       |       |       |     1 |     4 |    11 ||    16
         Haunt             |       |       |       |       |       |       |       |    20 |     2 ||    22
         Yara's Violent Un |       |       |       |       |       |       |       |     8 |       ||     8
         Blink             |       |       |       |       |       |       |       |     1 |       ||     1
 Invoke: Unearth Wretches  |       |       |       |       |     4 |    11 |     9 |    17 |    23 ||    64
         Receive Forbidden |       |       |       |       |     1 |       |       |       |       ||     1
Ability: Exsanguinate      |       |       |     1 |       |       |     1 |       |       |       ||     2
         Revivify          |       |       |     1 |       |       |     1 |       |       |       ||     2
         Evoke Blink       |       |       |       |       |       |       |       |     2 |       ||     2
  Evoke: Wand              |       |     3 |    11 |    22 |     6 |     8 |     2 |    15 |     6 ||    73
         Lightning rod     |       |       |       |     4 |     4 |     7 |    12 |    11 |     3 ||    41
         Phial of floods   |       |       |       |       |       |     3 |     1 |     2 |       ||     6
         Phantom mirror    |       |       |       |       |       |     1 |     1 |     5 |     1 ||     8
         Condenser vane    |       |       |       |       |       |       |     4 |     6 |     1 ||    11
    Use: Scroll            |     2 |     7 |     5 |    10 |     9 |    12 |    16 |    25 |     9 ||    95
         Potion            |     1 |     1 |     7 |     2 |     2 |     8 |     7 |    30 |    16 ||    74
   Stab: Sleeping          |    14 |    15 |     9 |    35 |    21 |    31 |    10 |     5 |     3 ||   143
         Invisible         |       |       |       |    14 |       |       |     2 |       |     6 ||    22
         Distracted        |       |       |       |     3 |    18 |    20 |    28 |    39 |    22 ||   130
         Paralysed         |       |       |       |       |     3 |     2 |     5 |     5 |     2 ||    17
         Petrified         |       |       |       |       |       |     1 |       |       |       ||     1
         Held in net/web   |       |       |       |       |       |       |       |     1 |       ||     1
 Armour: Leather armour    |    32 |    77 |       |       |       |       |       |       |       ||   109
         Ring mail         |       |    17 |   180 |    14 |       |       |       |       |       ||   211
         Steam dragon scal |       |       |       |   124 |   176 |       |    31 |   165 |    71 ||   567
         Robe              |       |       |       |       |   104 |   270 |    50 |       |       ||   424
  Dodge: Dodged            |    82 |   168 |   438 |   501 |   885 |  1259 |   412 |  1000 |   528 ||  5273
  Block: Buckler           |       |       |       |       |       |   441 |   243 |   523 |   258 ||  1465

Table legend: (Time is in decaauts)
 A = Elapsed time spent in this place.
 B = Non-inter-level travel time spent in this place.
 C = Inter-level travel time spent in this place.
 D = Time resting spent in this place.
 E = Time spent auto-exploring this place.
 F = Levels seen in this place.
 G = Mean time per level.
                   A        B        C        D        E       F      G
               +--------+--------+--------+--------+--------+-----+--------+
         Total |  62550 |  57110 |   5440 |   8056 |  30610 |  48 | 1303.1 |
       Dungeon |  16013 |  13952 |   2061 |   1136 |   8765 |  15 | 1067.5 |
        Temple |    282 |    253 |     29 |      0 |    192 |   1 |  282.0 |
          Lair |   6674 |   6369 |    305 |    518 |   4257 |   5 | 1334.8 |
        Shoals |   8092 |   7839 |    253 |   1839 |   4091 |   4 | 2023.0 |
   Spider Nest |   6306 |   5577 |    729 |    776 |   3466 |   4 | 1576.5 |
  Orcish Mines |   2578 |   2092 |    486 |    346 |    995 |   2 | 1289.0 |
        Vaults |   8996 |   8208 |    788 |    669 |   4259 |   5 | 1799.2 |
        Depths |   7476 |   6995 |    481 |   1582 |   2928 |   4 | 1869.0 |
           Zot |   5022 |   4717 |    305 |    970 |   1519 |   5 | 1004.4 |
         Trove |     48 |     48 |      0 |      0 |      0 |   1 |   48.0 |
        Bailey |    506 |    506 |      0 |    219 |     34 |   1 |  506.0 |
        Wizlab |    551 |    551 |      0 |      0 |    101 |   1 |  551.0 |
               +--------+--------+--------+--------+--------+-----+--------+

Top non-repeatable levels by time:
Depths:4: 3312 daAuts
Shoals:4: 2786 daAuts
Spider:3: 2456 daAuts
Vaults:5: 2236 daAuts
   Orc:2: 2200 daAuts
Shoals:1: 2183 daAuts
Vaults:2: 2121 daAuts
Shoals:2: 2028 daAuts
Vaults:1: 1857 daAuts
Depths:2: 1706 daAuts
    D:14: 1599 daAuts
     D:8: 1596 daAuts
Depths:3: 1589 daAuts
  Lair:4: 1577 daAuts
  Lair:5: 1573 daAuts
